 Dungeon Crawl Stone Soup version 0.29.1-2-gbd0b4ee654 (webtiles) character file.

Game seed: 13252919500680328796

1903 kingsuperguy the Cleaver (level 8, -3/97 (109) HPs)
             Began as a Minotaur Berserker on Nov 29, 2022.
             Was an Elder of Trog.
             Slain by a wight
             ... wielding a +5 spear
              (4 damage)
             ... on level 7 of the Dungeon.
             The game lasted 00:10:01 (6139 turns).

kingsuperguy the Cleaver (Minotaur Berserker)       Turns: 6139, Time: 00:10:01

HP:   -3/97 (109)   AC:  8    Str: 23    XL:     8   Next: 94%
MP:   7/7           EV: 12    Int:  4    God:    Trog [****..]
Gold: 283           SH:  0    Dex: 11    Spells: 7/7 levels left

rFire   . . .      SeeInvis +   a - +0 hand axe
rCold   . . .      Faith    .   (no shield)
rNeg    . . .      Spirit   .   r - +0 ring mail
rPois   .          Reflect  .   (helmet restricted)
rElec   .          Harm     .   f - +1 cloak
rCorr   .          Rampage  .   (no gloves)
Will    .....                   (no boots)
Stlth   ..........              p - amulet of the acrobat
HPRegen 0.26/turn               (no ring)
MPRegen 0.10/turn               (no ring)

@: berserking (expiring), heavily drained, very quick
A: horns 2, retaliatory headbutt, hooves 1, see invisible, deterioration 1
a: Renounce Religion, Berserk, Trog's Hand, Brothers in Arms


You were on level 7 of the Dungeon.
You worshipped Trog.
Trog was greatly pleased with you.
You visited 1 branch of the dungeon, and saw 6 of its levels.
You also visited: Ossuary.

You collected 283 gold pieces.

Inventory:

Hand Weapons
 a - a +0 hand axe (weapon)
 t - a +0 vorpal mace
 y - a +2 whip of venom
 A - a +3 halberd
 D - a +1 antimagic flail
Missiles
 q - 3 poisoned darts (quivered)
Armour
 b - a +0 animal skin
 f - a +1 cloak (worn)
 o - a +0 leather armour
 r - a +0 ring mail (worn)
Jewellery
 p - an amulet of the acrobat (around neck)
Scrolls
 c - 8 scrolls of identify {unknown}
 d - a scroll of amnesia {unknown}
 e - a scroll of fear
 g - 2 scrolls of noise {unknown}
 h - 3 scrolls of vulnerability {unknown}
 i - 3 scrolls of enchant weapon {unknown}
 m - 2 scrolls of enchant armour {unknown}
 n - 2 scrolls of teleportation {unknown}
 s - 2 scrolls of acquirement {unknown}
 u - 2 scrolls of torment {unknown}
 w - a scroll of blinking {unknown}
 z - a scroll of magic mapping {unknown}
Potions
 j - a potion of ambrosia {unknown}
 k - a potion of degeneration {unknown}
 l - a potion of berserk rage {unknown}
 v - 3 potions of curing
 x - a potion of might {unknown}
 B - a potion of invisibility {unknown}
 C - a potion of flight


   Skills:
 + Level 7.1 Fighting
 + Level 10.0 Axes
 + Level 6.6 Armour
 + Level 5.1 Dodging
 + Level 1.3 Stealth


You had 7 spell levels left.
You didn't know any spells.
Your spell library was empty.

Dungeon Overview and Level Annotations

Branches:
Dungeon (5/15)             Temple (0/1) D:7         Ossuary (visited)

Altars:
Gozag
Ru


Innate Abilities, Weirdness & Mutations

You have a pair of horns on your head.
You reflexively headbutt those who attack you in melee.
You have large cloven feet.
You have supernaturally acute eyesight. (SInv)
Your body sometimes deteriorates upon taking damage.


Message History

You feel drained. The wight closely misses you.
You closely miss the wight. You kick the wight, but do no damage.
The wight is severely damaged.
The wight hits you from afar with a +5 spear.
You feel drained. The wight hits you but does no damage.
You hit the wight but do no damage. You kick the wight, but do no damage.
The wight is severely damaged.
The wight hits you with a +0 mace. The wight barely misses you.
You hit the wight but do no damage. Your kick misses the wight.
Your headbutt misses the wight.
The wight is severely damaged.
The wight hits you with a +0 mace.
You feel drained.
The wight hits you from afar with a +5 spear!
You are too injured to fight recklessly!
You are too injured to fight recklessly!
A red film seems to cover your vision as you go berserk!
You feel yourself moving faster!
You feel mighty!
The wight hits you from afar with a +5 spear.
The wight misses you. You furiously retaliate!
You headbutt the wight! The wight hits you with a +0 mace.
You feel drained.
You hit the wight. Your kick misses the wight.
The wight is severely damaged.
You hit the wight but do no damage. You slash the wight!
You destroy the wight!
Trog accepts your kill.
You hit the wight.
You destroy the wight!
Trog accepts your kill.
The wight hits you from afar with a +5 spear!
* * * LOW HITPOINT WARNING * * *
You feel drained.
* * * LOW HITPOINT WARNING * * *
Your Axes skill increases to level 10!
Items here: )) ? [[.
You closely miss the wight. Your kick misses the wight.
Your headbutt misses the wight. The wight hits you with a +5 spear!
* * * LOW HITPOINT WARNING * * *
You feel drained.
You die...

# #. # ........# #. #
........# #. # ........#
#. ........# #.
........# ########†
........# #........
........########.####.##
.......@................
......z)#...#...#.###.##
######.##.#.#.........##
... #.#.#..##..#....
######.#.#.###..#.##.
###.......# #..#.##.
..>......### #.#.....
##.#.#...# #.#..### #
#.###.# #....#


You could see a wight.

Vanquished Creatures
  A water moccasin (D:5)
  An orc warrior (D:7)
  Duvessa (D:4)
  A centaur (D:7)
  3 elf zombies (Ossuary)
  2 bullfrogs (D:7)
  A gnoll sergeant (D:5)
  A scorpion (D:5)
  3 wights (D:7)
  Dowan (D:4)
  2 howler monkeys (D:7)
  A centaur zombie (Ossuary)
  4 human zombies (Ossuary)
  2 hounds (D:5)
  2 gnoll boudas
  An orc priest (D:5)
  2 jellies
  3 iguanas
  An orc wizard (D:5)
  3 mummies (Ossuary)
  12 gnolls
  5 adders
  A white imp (D:5)
  An ufetubus (D:5)
  2 adder zombies (Ossuary)
  2 worms (D:2)
  3 dart slugs
  13 orcs
  6 ball pythons
  4 endoplasms
  3 giant cockroaches
  3 gnoll zombies (Ossuary)
  7 goblins
  6 hobgoblins
  5 jackals
  4 quokkas
  7 bats
  3 frilled lizards (D:1)
  2 goblin zombies (Ossuary)
  5 hobgoblin zombies (Ossuary)
  3 jackal zombies (Ossuary)
  6 kobolds
  6 kobold zombies (Ossuary)
  An orc zombie (Ossuary)
  3 quokka zombies (Ossuary)
  6 rats
  2 rat zombies (Ossuary)
157 creatures vanquished.

Notes
Turn   | Place    | Note
-------+----------+-------------------------------------------
     0 | D:1      | kingsuperguy the Minotaur Berserker began the quest for the
                  | Orb.
     0 | D:1      | Reached XP level 1. HP: 19/19 MP: 0/0
   398 | D:1      | Reached XP level 2. HP: 27/27 MP: 1/1
  1063 | D:1      | Reached skill level 4 in Axes
  1205 | D:1      | Reached ** piety under Trog
  1249 | D:1      | Reached XP level 3. HP: 34/34 MP: 2/2
  1966 | D:2      | Found a faded altar of an unknown god.
  2199 | D:3      | Reached XP level 4. HP: 40/41 MP: 3/3
  2765 | D:3      | Found a sacrificial altar of Ru.
  3054 | D:4      | Reached skill level 5 in Fighting
  3054 | D:4      | Reached skill level 5 in Axes
  3054 | D:4      | Reached XP level 5. HP: 25/48 MP: 4/4
  3497 | D:4      | Identified the +11 short sword "Poneebubb" {spect, rF+
                  | Str+2 Dex+3}
  3590 | D:4      | Noticed Dowan
  3591 | D:4      | Noticed Duvessa
  3613 | D:4      | Killed Duvessa
  3614 | D:4      | Reached XP level 6. HP: 20/56 MP: 5/5
  3616 | D:4      | HP: 1/56 [Dowan/shard of ice (13)]
  3633 | D:4      | Gained mutation: Your body sometimes deteriorates upon
                  | taking damage. [potion of mutation]
  3633 | D:4      | Gained mutation: You have supernaturally acute eyesight.
                  | (SInv) [potion of mutation]
  3633 | D:4      | Gained mutation: You have large cloven feet. [potion of
                  | mutation]
  3652 | D:4      | Killed Dowan
  3653 | D:4      | Reached skill level 6 in Axes
  4257 | D:5      | Entered Level 5 of the Dungeon
  4408 | D:5      | Found a sand-covered staircase.
  4416 | Ossuary  | Entered an ossuary
  4483 | Ossuary  | Reached *** piety under Trog
  4484 | Ossuary  | Reached XP level 7. HP: 54/61 MP: 6/6
  4527 | Ossuary  | Reached skill level 7 in Axes
  4686 | Ossuary  | Reached skill level 5 in Armour
  4783 | Ossuary  | Reached **** piety under Trog
  4790 | Ossuary  | Reached skill level 8 in Axes
  4966 | D:5      | Reached XP level 8. HP: 57/70 MP: 7/7
  5223 | D:5      | Found an opulent altar of Gozag.
  5435 | D:5      | Reached skill level 9 in Axes
  5756 | D:5      | You fall into a shaft and drop 2 floors!
  5796 | D:7      | Found a staircase to the Ecumenical Temple.
  5804 | D:7      | Reached skill level 1 in Stealth
  6066 | D:7      | Reached skill level 5 in Dodging
  6138 | D:7      | Reached skill level 10 in Axes
  6139 | D:7      | HP: 1/100 [wight/+5 spear (9)]
  6139 | D:7      | Slain by a wight

Illustrated notes

Levels and vault maps discovered:
D:1:      nagdon_arrival_double_spiral, layout_loops_corners,
          serial_co_window_serial, co_window_paths_a, co_window_paths_b,
          co_window_of_opportunity_a, co_window_of_opportunity_a,
          co_window_paths_b, co_window_corner_a, co_window_paths_a,
          co_window_unsneaky_path_a, co_window_of_opportunity_b,
          co_window_paths_c, co_window_broadway_c, co_window_broadway_c,
          co_window_sun
D:2:      layout_rooms, shapermc_ecumenical_altar_mp_urbaneastern,
          minmay_circle_x
D:3:      minmay_general_purpose_star, layout_loops_ring,
          nicolae_ru_the_path_less_chosen, chequers_serial_rivers_micro_c
D:4:      layout_loops_cross, uniq_duvessa
D:5:      layout_gridville, lemuel_blue_sif_altar, general_overflow_altar,
          okawaru_gym_becter, nicolae_ossuary_entry_plus,
          chequers_serial_rivers_micro_c, serial_park_tiny_2
D:7:      layout_basic, minmay_temple_entry_junction_2

Skill      XL: |  1  2  3  4  5  6  7  8 |
---------------+-------------------------+-----
Fighting       | 4 5 6 7 |  7.1
Axes           | 4 5 6 8 10 | 10.0
Dodging        | 3 5 |  5.1
Armour         | 4 5 6 |  6.6
Stealth        | 1 |  1.3

Action                   |  1- 3 |  4- 6 |  7- 9 || total
-------------------------+-------+-------+-------++-------
Melee: Hand axe          |    95 |   129 |   216 ||   440
       Headbutt          |    17 |    22 |    39 ||    78
       Punch             |       |     1 |     3 ||     4
       Kick              |       |    19 |    79 ||    98
Invok: Berserk           |       |     1 |     2 ||     3
  Use: Potion            |       |     6 |       ||     6
       Scroll            |       |     1 |       ||     1
 Stab: Sleeping          |     1 |       |       ||     1
Armor: Animal skin       |    29 |       |       ||    29
       Ring mail         |     2 |    37 |    77 ||   116
Dodge: Dodged            |    58 |    80 |   143 ||   281
